 Dungeon Crawl Stone Soup version 0.31-a0-636-ge1c0e020e0 (webtiles) character file.

Game seed: 12963050382358835410

698 thirtiethelement the Chopper (level 7, -8/54 HPs)
             Began as a Demonspawn Fighter on Aug 27, 2023.
             Mangled by a gnoll sergeant
             ... wielding a +2 trident of venom
              (11 damage)
             ... on level 5 of the Dungeon.
             The game lasted 00:07:35 (4343 turns).

thirtiethelement the Chopper (Demonspawn Fighter)   Turns: 4343, Time: 00:07:36

Health: -8/54      AC: 10    Str: 18    XL:     7   Next: 38%
Magic:  7/7        EV:  9    Int:  9    God:
Gold:   239        SH:  4    Dex: 13    Spells: 6/6 levels left

rFire   . . .        a - +1 war axe
rCold   . . .        c - +0 buckler
rNeg    . . .        b - +0 scale mail
rPois   .            (helmet restricted)
rElec   .            (no cloak)
rCorr   .            i - +1 pair of gloves
SInv    .            e - +0 pair of boots
Will    .....        k - amulet of the acrobat Stlth
                     (no ring)
HPRegen 0.29/turn    (no ring)
MPRegen 0.10/turn

%: acrobat
@: no status effects
A: horns 2, powered by pain 1
a: no special abilities


You were on level 5 of the Dungeon.
You visited 1 branch of the dungeon, and saw 5 of its levels.

You collected 239 gold pieces.

Inventory:

Hand Weapons
 a - a +1 war axe (weapon)
Missiles
 g - a boomerang (quivered)
Armour
 b - a +0 scale mail (worn)
 c - a +0 buckler (worn)
 e - a +0 pair of boots (worn)
 i - a +1 pair of gloves (worn)
 m - a scarf of invisibility
Jewellery
 k - an amulet of the acrobat (around neck)
Wands
 l - a wand of flame (14)
 o - a wand of polymorph (2)
Scrolls
 h - 3 scrolls of immolation
 j - 2 scrolls of summoning
 n - a scroll of enchant armour
 p - a scroll of fear
Potions
 d - 4 potions of might


   Skills:
 + Level 4.1 Fighting
 + Level 5.4 Axes
 + Level 1.3 Throwing
 + Level 4.1 Armour
 + Level 1.6 Dodging
 + Level 0.1 Stealth
 + Level 3.3 Shields


You had 6 spell levels left.
You didn't know any spells.
Your spell library contained the following spells:

 Spells                   Type           Power      Damage    Failure   Level
 Blink                    Tloc           0%         N/A       94%         2
 Lesser Beckoning         Tloc           0%         N/A       94%         2
 Momentum Strike          Conj/Tloc      0%         3d8       94%         2
 Malign Gateway           Summ/Tloc      0%         N/A       100%        7
 Summon Horrible Things   Summ           0%         N/A       100%        8


Dungeon Overview and Level Annotations

Branches:
Dungeon (5/15)
 Temple: D:4-7

Altars:
Nemelex Xobeh

Shops:
D:1 [   D:3 (


Innate Abilities, Weirdness & Mutations

You have a pair of horns on your head.
You sometimes gain a little power by taking damage.


Message History

a +0 club; a gnoll corpse You barely miss the gnoll.
The gnoll sergeant hits you but does no damage.
You are poisoned.
The gnoll sergeant hits you from afar with a +2 trident of venom!
You are more poisoned.
The gnoll hits you but does no damage.
You feel very sick. The gnoll misses you. The gnoll sergeant misses you.
You hit the gnoll sergeant.
The gnoll sergeant is lightly wounded.
You slash the gnoll!
You feel very sick. The gnoll hits you with a +0 spear.
The gnoll sergeant hits you with a +2 trident of venom!
You are lethally poisoned!
You slash the gnoll sergeant! You headbutt the gnoll sergeant.
The gnoll sergeant is heavily wounded.
You barely miss the gnoll.
* * * LOW HITPOINT WARNING * * *
You feel extremely sick. The gnoll barely misses you.
The gnoll sergeant hits you with a +2 trident of venom!
* * * LOW HITPOINT WARNING * * *
You are more poisoned.
You feel better. The gnoll hits you but does no damage.
The gnoll sergeant hits you but does no damage.
You closely miss the gnoll sergeant. You headbutt the gnoll sergeant.
The gnoll sergeant is severely wounded.
You hit the gnoll. The gnoll hits you with a +0 spear!
* * * LOW HITPOINT WARNING * * *
The gnoll sergeant barely misses you. The gnoll hits you with a +0 spear.
* * * LOW HITPOINT WARNING * * *
The gnoll sergeant completely misses you.
You hit the gnoll sergeant but do no damage.
You headbutt the gnoll sergeant.
The gnoll sergeant is severely wounded.
You closely miss the gnoll.
The gnoll sergeant hits you with a +2 trident of venom!
You die...

≈≈♣P #.#
~~♣♣♣PPP.#######.###
~~~~♣PP.##...##...##
~~~♣PP............#
.~~♣~~PPP........# #
PPPP♣~~~PPP......# #.
##~PPP~♣~~PP.....#
#..##.#..~PPP~P#<.###
#..g@))...~PP~~...###
.......#g)....P~~~....#.
.......#..............#.
.......#..............#.
.......#..............#.
.....###...###..(.##.###
##### #...###....##.###
.....#......#.....
......#......#.....


You could see a gnoll sergeant and a gnoll.

Vanquished Creatures
  Eustachio (D:5)
  An ogre (D:4)
  A hound (D:4)
  3 iguanas
  2 sleepcaps
  Jessica (D:3)
  Ijyb (D:5)
  Robin (D:3)
  6 gnolls
  7 adders
  2 white imps
  2 worms
  2 dart slugs (D:4)
  4 orcs
  5 bats
  11 endoplasms
  2 giant cockroaches
  11 goblins
  13 hobgoblins
  2 jackals (D:1)
  5 quokkas
  11 ball pythons
  4 frilled lizards
  9 kobolds
  3 rats
110 creatures vanquished.

Notes
Turn   | Place    | Note
-------+----------+-------------------------------------------
     0 | D:1      | thirtiethelement the Demonspawn Fighter began the quest for
                  | the Orb.
     0 | D:1      | Reached XP level 1. HP: 18/18 MP: 1/1
    67 | D:1      | Gained mutation: You sometimes gain a little power by
                  | taking damage. [demonic ancestry]
    67 | D:1      | Reached XP level 2. HP: 21/24 MP: 2/2
   106 | D:1      | Reached skill level 2 in Axes
   347 | D:1      | Found Hediteum's Armour Boutique.
   452 | D:1      | Found a faded altar of an unknown god.
   495 | D:1      | Gained mutation: You have a pair of small horns on your
                  | head. [demonic ancestry]
   495 | D:1      | Reached XP level 3. HP: 28/29 MP: 3/3
  1407 | D:2      | Reached skill level 3 in Axes
  1479 | D:2      | Reached XP level 4. HP: 35/35 MP: 4/4
  1992 | D:3      | Found a sparkling altar of Nemelex Xobeh.
  2068 | D:3      | Identified the +5 helmet "Ecvogo" {rF+}
  2068 | D:3      | Noticed Robin
  2072 | D:3      | Killed Robin
  2075 | D:3      | Reached skill level 1 in Dodging
  2248 | D:3      | Noticed Jessica
  2261 | D:3      | Killed Jessica
  2262 | D:3      | Reached XP level 5. HP: 15/41 MP: 5/5
  2767 | D:3      | Found Daitzis's Weapon Emporium.
  3139 | D:4      | Reached skill level 4 in Axes
  3413 | D:4      | Identified the +10 long sword "Zomnicut" {drain, rN+
                  | Stlth+}
  3422 | D:4      | Reached XP level 6. HP: 25/48 MP: 6/6
  3966 | D:5      | Entered Level 5 of the Dungeon
  3966 | D:5      | Noticed Eustachio
  3992 | D:5      | Killed Eustachio
  3993 | D:5      | Reached skill level 5 in Axes
  3993 | D:5      | Gained mutation: You have a pair of horns on your head.
                  | [demonic ancestry]
  3993 | D:5      | Reached XP level 7. HP: 31/53 MP: 7/7
  4158 | D:5      | Reached skill level 1 in Throwing
  4185 | D:5      | Noticed Ijyb
  4240 | D:5      | Killed Ijyb
  4342 | D:5      | HP: 2/54 [gnoll/+0 spear[a gnoll sergeant] (2)]
  4343 | D:5      | Mangled by a gnoll sergeant

Illustrated notes

Levels and vault maps discovered:
D:1:      sevenhm_arrival_forest_fort_small_5, layout_basic, serial_shops, shop,
          hellmonk_ecumenical_altar_inner_sanctum
D:2:      layout_basic, serial_glass, glass_columns_a, glass_columns_c,
          nicolae_half_adder
D:3:      minmay_bubble_buster, layout_basic, nemelex_xobeh_ov_fountains_minmay,
          serial_shops, shop, uniq_robin, uniq_jessica
D:4:      layout_loops_ring
D:5:      layout_gridville, trog_wizard, gammafunk_ghost_abyssal_escape,
          st_stairs_4, serial_bayou_lagoon_a, uniq_eustachio,
          uniq_crazy_yiuf_cottage, uniq_ijyb

Skill      XL: |  1  2  3  4  5  6  7 |
---------------+----------------------+-----
Armour         | 3 4 |  4.1
Axes           | 2 3 4 5 |  5.4
Dodging        | 1 |  1.6
Shields        | 3 |  3.3
Fighting       | 4 |  4.1
Throwing       | 1 |  1.3
Stealth        | |  0.1

Action                     |  1- 3 |  4- 6 |  7- 9 || total
---------------------------+-------+-------+-------++-------
  Melee: War axe           |    97 |   165 |    24 ||   286
         Headbutt          |     2 |    29 |    11 ||    42
         Unarmed           |       |       |    14 ||    14
  Throw: Boomerang         |       |     5 |       ||     5
    Use: Scroll            |       |     8 |       ||     8
         Potion            |       |     6 |     1 ||     7
 Armour: Scale mail        |    55 |    79 |    11 ||   145
  Dodge: Dodged            |    45 |    93 |    26 ||   164
  Block: Buckler           |    30 |    37 |     3 ||    70

Table legend: (Time is in decaauts)
 A = Elapsed time spent in this place.
 B = Non-inter-level travel time spent in this place.
 C = Inter-level travel time spent in this place.
 D = Time resting spent in this place.
 E = Time spent auto-exploring this place.
 F = Levels seen in this place.
 G = Mean time per level.
                   A        B        C        D        E       F      G
               +--------+--------+--------+--------+--------+-----+--------+
         Total |   4413 |   4278 |    135 |    255 |   3243 |   5 |  882.6 |
       Dungeon |   4413 |   4278 |    135 |    255 |   3243 |   5 |  882.6 |
               +--------+--------+--------+--------+--------+-----+--------+

Top non-repeatable levels by time:
     D:3: 1242 daAuts
     D:1: 1077 daAuts
     D:4: 879 daAuts
     D:2: 841 daAuts
     D:5: 372 daAuts
